 Dungeon Crawl Stone Soup version 0.28-a0-178-ga708605c5b (webtiles) character file.

Game seed: 16658299130923997075

4096 siradein the Cleaver (level 10, -6/70 HPs)
             Began as a Human Berserker on Aug 18, 2021.
             Was an Elder of Trog.
             Mangled by a yak (7 damage)
             ... on level 8 of the Dungeon.
             The game lasted 00:19:40 (10135 turns).

siradein the Cleaver (Human Berserker)             Turns: 10135, Time: 00:19:40

Health: -6/70      AC: 12    Str: 21    XL:     10   Next: 50%
Magic:  10/10      EV:  8    Int:  7    God:    Trog [****..]
Gold:   291        SH:  0    Dex: 13    Spells: 9/9 levels left

rFire   . . .      SeeInvis +   a - +0 hand axe
rCold   . . .      Faith    .   (no shield)
rNeg    + . .      Spirit   .   r - +0 chain mail
rPois   .          Reflect  .   (no helmet)
rElec   .          Harm     .   (no cloak)
rCorr   .          Rampage  .   m - +0 pair of gloves
Will    .....                   D - +1 pair of boots
Stlth   ..........              (no amulet)
HPRegen 0.21/turn               c - ring of see invisible
MPRegen 0.12/turn               A - ring of positive energy

@: on berserk cooldown, slowed, very slow
A: no striking features
a: Renounce Religion, Berserk, Trog's Hand, Brothers in Arms


You were on level 8 of the Dungeon.
You worshipped Trog.
Trog was greatly pleased with you.
You visited 1 branch of the dungeon, and saw 8 of its levels.
You also visited: Sewer.

You collected 448 gold pieces.
You spent 157 gold pieces at shops.

Inventory:

Hand Weapons
 a - a +0 hand axe (weapon)
Missiles
 u - 7 atropa-tipped darts (quivered)
Armour
 m - a +0 pair of gloves (worn)
 r - a +0 chain mail (worn)
 D - a +1 pair of boots (worn)
Jewellery
 c - a ring of see invisible (left hand)
 A - a ring of positive energy (right hand)
Wands
 y - a wand of polymorph (5)
 B - a wand of acid (9)
Scrolls
 b - a scroll of enchant armour {unknown}
 e - 3 scrolls of acquirement {unknown}
 g - a scroll of enchant weapon {unknown}
 h - 2 scrolls of magic mapping {unknown}
 n - 3 scrolls of amnesia {unknown}
 o - 2 scrolls of teleportation {unknown}
 p - 2 scrolls of blinking {unknown}
 q - 3 scrolls of immolation {unknown}
 s - a scroll of fog
 t - a scroll of noise {unknown}
 C - a scroll of fear {unknown}
 F - 2 scrolls of identify
Potions
 d - 2 potions of invisibility
 f - 3 potions of lignification
 i - a potion of flight
 j - a potion of cancellation
 k - 2 potions of attraction
 l - 2 potions of berserk rage
 v - 2 potions of resistance
 w - 3 potions of might {unknown}
 x - a potion of heal wounds {unknown}
 z - a potion of curing {unknown}
 E - a potion of magic {unknown}


   Skills:
 - Level 3.0 Fighting
 - Level 14.0 Axes
 + Level 2.7 Armour
 + Level 2.7 Dodging


You had 9 spell levels left.
You didn't know any spells.
Your spell library was empty.

Dungeon Overview and Level Annotations

Branches:
Dungeon (8/15)             Temple (0/1) D:5           Sewer (visited)
   Lair: D:8-11

Altars:
Dithmenos
Elyvilon
Fedhas
Hepliaklqana
Nemelex Xobeh
Okawaru
Qazlal
Ru
Sif Muna
The Shining One
Beogh

Shops:
D:2 ((   D:4 *   D:6 [

Portals:
Ossuary: D:8

Annotations:
D:4 3 runed translucent doors, Spaninq's ghost, amateur OgWr


Message History

Training target 14.0 for Axes reached!
Your Axes skill increases to level 14!
You need to enable at least one skill for training.
The yak gores you.
You slash the yak!
You kill the yak!
Trog accepts your kill.
You barely miss the yak. The yak gores you.
The yak gores you but does no damage.
You barely miss the yak.
The yak is lightly wounded.
You slash the yak! The yak gores you but does no damage.
You barely miss the yak.
The yak is lightly wounded.
You closely miss the yak. The yak gores you!
* * * LOW HITPOINT WARNING * * *
You slash the yak!
The yak is moderately wounded.
You slash the yak! You slice the yak!!
The yak is almost dead.
You hit the yak. The yak gores you but does no damage. The yak gores you!
* * * LOW HITPOINT WARNING * * *
You slash the yak!
You kill the yak!
Trog accepts your kill.
You slash the yak! The yak gores you!
* * * LOW HITPOINT WARNING * * *
Unknown command.
You feel a strong urge to attack something.
You are no longer berserk.
You are exhausted.
You feel yourself slow down.
You see here a yak corpse.
You barely miss the yak.
The yak is almost dead.
You hear the slow hiss of an avalanche of sand very nearby.
The yak gores you!
You die...

...# ....... ....##
##........
......###..........
......#............
...................#
...................#
........Y..........#
.......@...........#
.......##.........#
....####..........##
..# #....?......# #
##..........##
+#######'.....##.:#
#...#...#....###..##
#.∩.#.>.##..## ##..#
#...#...##.#####...###


You could see a yak.

Vanquished Creatures
  Pikel (D:4)
  Eustachio (D:5)
  A wyvern (D:6)
  5 yaks (D:8)
  2 water moccasins
  An orc warrior (D:7)
  A sky beast (D:6)
  A black bear (D:7)
  Purgy (Sewer)
  An ogre (D:7)
  2 kobold brigands
  A lemure (D:4)
  2 scorpions
  2 bullfrogs (D:7)
  A water moccasin zombie (D:5)
  2 water moccasin skeletons
  8 wights (D:7)
  A howler monkey (D:6)
  2 centaur zombies (D:7)
  2 bullfrog zombies (D:6)
  A hound (D:4)
  4 jellies
  6 orc wizards
  5 iguanas
  A scorpion zombie (D:5)
  A killer bee zombie (D:5)
  16 gnolls
  A howler monkey skeleton (D:7)
  11 adders
  3 shadow imps
  4 white imps
  An adder skeleton (D:4)
  A worm (D:3)
  3 dart slugs
  14 orcs
  7 ball pythons
  8 endoplasms
  4 giant cockroaches (D:4)
  7 goblins
  7 hobgoblins
  2 jackals (D:3)
  7 kobolds
  3 quokkas
  14 bats
  9 frilled lizards
  A quokka skeleton (D:4)
  7 rats
186 creatures vanquished.

Vanquished Creatures (others)
  5 plants (D:4)
  4 toadstools (D:7)
9 creatures vanquished.

Grand Total: 195 creatures vanquished

Notes
Turn   | Place    | Note
-------+----------+-------------------------------------------
     0 | D:1      | siradein the Human Berserker began the quest for the Orb.
     0 | D:1      | Reached XP level 1. HP: 18/18 MP: 1/1
   253 | D:1      | Reached XP level 2. HP: 24/24 MP: 2/2
   617 | D:1      | Found a faded altar of an unknown god.
   627 | D:1      | Reached ** piety under Trog
   711 | D:1      | Reached skill level 4 in Axes
   711 | D:1      | Reached XP level 3. HP: 29/29 MP: 3/3
  1276 | D:2      | Found Coqeo's Weapon Shoppe.
  1286 | D:2      | Reached XP level 4. HP: 34/35 MP: 4/4
  1291 | D:2      | Reached skill level 5 in Axes
  1292 | D:2      | Found Coisou's Weapon Shoppe.
  1551 | D:2      | Reached XP level 5. HP: 38/41 MP: 5/5
  2425 | D:2      | Reached skill level 6 in Axes
  2654 | D:3      | Found a shimmering blue altar of Sif Muna.
  3037 | D:3      | Reached XP level 6. HP: 44/47 MP: 6/6
  3732 | D:4      | Reached skill level 7 in Axes
  3845 | D:4      | Reached *** piety under Trog
  3972 | D:4      | Noticed Pikel
  3981 | D:4      | Noticed a water moccasin
  3998 | D:4      | Killed a water moccasin
  3999 | D:4      | Reached XP level 7. HP: 52/52 MP: 7/7
  3999 | D:4      | Killed Pikel
  4000 | D:4      | Reached skill level 9 in Axes
  4000 | D:4      | Reached XP level 8. HP: 58/58 MP: 8/8
  4102 | D:4      | Found a glowing drain.
  4113 | D:4      | Found Xaobluts's Assorted Antiques.
  4152 | Sewer    | Entered a sewer
  4273 | Sewer    | Noticed Purgy
  4281 | Sewer    | Killed Purgy
  4422 | D:4      | Found a runed translucent gate.
  4422 | D:4      | Found a runed translucent gate.
  4422 | D:4      | Found a runed translucent gate.
  4424 | D:4      | Identified the +6 short sword of Udosil {elec, rElec rPois
                  | Dex+2}
  4424 | D:4      | Identified the +8 chain mail "Laziaham" {Harm}
  4437 | D:4      | Noticed Spaninq's ghost (amateur OgWr)
  4666 | D:4      | Reached skill level 10 in Axes
  4948 | D:4      | Found a stormy altar of Qazlal.
  4948 | D:4      | Found a white marble altar of Elyvilon.
  5099 | D:5      | Entered Level 5 of the Dungeon
  5213 | D:5      | Noticed Eustachio
  5249 | D:5      | Killed Eustachio
  5454 | D:5      | Reached XP level 9. HP: 59/63 MP: 9/9
  5647 | D:5      | Found a hazy altar of Hepliaklqana.
  5852 | D:5      | Reached skill level 11 in Axes
  5886 | D:5      | Found a staircase to the Ecumenical Temple.
  6307 | D:5      | Found a glowing golden altar of the Shining One.
  6789 | D:6      | Reached skill level 12 in Axes
  7009 | D:6      | Found Boos Rol's Antique Armour Emporium.
  7230 | D:6      | Bought a pair of embroidered boots for 157 gold pieces
  8629 | D:7      | Found an iron altar of Okawaru.
  8741 | D:7      | Reached XP level 10. HP: 55/70 MP: 10/10
  9008 | D:7      | Reached skill level 13 in Axes
  9482 | D:7      | Reached **** piety under Trog
  9557 | D:7      | Found a sparkling altar of Nemelex Xobeh.
  9558 | D:7      | Found a blossoming altar of Fedhas.
  9598 | D:7      | Found a sacrificial altar of Ru.
  9599 | D:7      | Found a shadowy altar of Dithmenos.
 10100 | D:8      | Found a sand-covered staircase.
 10125 | D:8      | Reached skill level 14 in Axes
 10133 | D:8      | HP: 2/105 [yak (9)]
 10135 | D:8      | Mangled by a yak

Illustrated notes

Levels and vault maps discovered:
D:1:      grunt_arrival_crossed_arrows, layout_basic,
          ebering_ecumenical_altar_mist
D:2:      layout_rooms, serial_shops, shop, nicolae_shop_stone,
          serial_co_window_serial, co_window_paths_a,
          co_window_of_opportunity_a, co_window_corner_a, co_window_paths_b,
          co_window_corner_a, co_window_of_opportunity_a,
          co_window_of_opportunity_a, co_window_broadway_b,
          co_window_broadway_c, co_window_unsneaky_path_e, co_window_broadway_c,
          co_window_paths_d, glass_columns_a, glass_columns_a, glass_columns_b,
          glass_columns_b
D:3:      layout_rooms, general_overflow_altar, minmay_pentangle
D:4:      cheibrodos_old_hovel, layout_cave_pools,
          gammafunk_temple_overflow_wave, serial_shops, nicolae_shop_trees,
          biasface_ghost_orc_armoury, gup_sewer_entry_glass, roderic_lattice_a,
          uniq_pikel
D:5:      layout_cave_pools, nicolae_hepliaklqana_hippocampus,
          minmay_temple_entry_ruins, chequers_serial_rivers_micro_d,
          grunt_ministairs_7, minmay_ruined_shrine, uniq_eustachio
D:6:      layout_basic, serial_shops,
          nicolae_shop_temple_entry_statues_fountains, minmay_misc_feat_enclosed
D:7:      layout_loops_corners, minitemple, nicolae_overflow_hidden_temple,
          minmay_gold_behind_fungi, grunt_ministairs_7
D:8:      layout_cave_pods, nicolae_ossuary_entry_false_entrances

Skill      XL: |  1  2  3  4  5  6  7  8  9 10 |
---------------+-------------------------------+-----
Axes           | 4 5 6 7 9 10 12 14 | 14.0
Fighting       | |  3.0
Armour         | |  2.7
Dodging        | |  2.7

Action                   |  1- 3 |  4- 6 |  7- 9 | 10-12 || total
-------------------------+-------+-------+-------+-------++-------
Melee: Hand axe          |    82 |   186 |   483 |   139 ||   890
Invok: Berserk           |     2 |     2 |     8 |     5 ||    17
       Trog's Hand       |       |     1 |     5 |       ||     6
  Use: Scroll            |       |     7 |     2 |       ||     9
 Stab: Sleeping          |     2 |       |       |       ||     2
Armor: Animal skin       |    12 |       |       |       ||    12
       Ring mail         |    15 |    24 |       |       ||    39
       Chain mail        |       |    27 |   204 |    42 ||   273
Dodge: Dodged            |    65 |   104 |   167 |    44 ||   380

Table legend: (Time is in decaauts)
 A = Elapsed time spent in this place.
 B = Non-inter-level travel time spent in this place.
 C = Inter-level travel time spent in this place.
 D = Time resting spent in this place.
 E = Time spent auto-exploring this place.
 F = Levels seen in this place.
 G = Mean time per level.
                   A        B        C        D        E       F      G
               +--------+--------+--------+--------+--------+-----+--------+
         Total |  10112 |   9945 |    167 |    911 |   7495 |   9 | 1123.6 |
       Dungeon |   9871 |   9704 |    167 |    909 |   7333 |   8 | 1233.9 |
         Sewer |    240 |    240 |      0 |      2 |    162 |   1 |  240.0 |
               +--------+--------+--------+--------+--------+-----+--------+

Top non-repeatable levels by time:
     D:7: 1920 daAuts
     D:2: 1704 daAuts
     D:6: 1639 daAuts
     D:4: 1432 daAuts
     D:5: 1326 daAuts
     D:1: 967 daAuts
     D:3: 830 daAuts
   Sewer: 240 daAuts
     D:8: 49 daAuts
